 Dungeon Crawl Stone Soup version 0.23-b1-13-gf37ab262a9 (webtiles) character file.

Game seed: 8169346670786970314

2074 DildoBatman the Stinger (level 9, -3/65 HPs)
             Began as a Formicid Wizard on Feb 2, 2019.
             Was a Believer of Kikubaaqudgha.
             Slain by a wyvern skeleton (13 damage)
             ... on level 7 of the Dungeon.
             The game lasted 00:29:45 (6652 turns).

DildoBatman the Stinger (Formicid Wizard)           Turns: 6652, Time: 00:29:46

Health: -3/65      AC:  3    Str: 11    XL:     9   Next: 50%
Magic:  7/15       EV: 12    Int: 22    God:    Kikubaaqudgha [**....]
Gold:   487        SH:  4    Dex:  9    Spells: 10/16 levels left

rFire    . . .     SeeInvis +   b - +4 scimitar
rCold    . . .     Gourm    .   G - +0 buckler
rNeg     . . .     Faith    +   q - +0 leather armour
rPois    .         Spirit   .   (helmet unavailable)
rElec    .         Reflect  .   (no cloak)
rCorr    .         Harm     .   (no gloves)
MR       .....                  (no boots)
Stlth    ++........             E - amulet of faith
HPRegen  0.20/turn              (no ring)
MPRegen  0.14/turn              (no ring)

@: no status effects
A: permanent stasis, dig shafts and tunnels, four strong arms, antennae 3
a: Dig, Shaft Self, Receive Corpses, Renounce Religion


You were on level 7 of the Dungeon.
You worshipped Kikubaaqudgha.
Kikubaaqudgha was pleased with you.
You were not hungry.

You visited 2 branches of the dungeon, and saw 8 of its levels.

You collected 487 gold pieces.

Inventory:

Hand Weapons
 a - a +0 hunting sling
 b - a +4 scimitar (weapon)
 e - a +1 dagger of draining
 D - a +2 flail of protection
 H - a +2 short sword of speed
Missiles
 c - 136 stones
 l - 88 arrows
 n - 7 javelins
 w - 10 poisoned needles
 x - 23 bolts
 z - 8 tomahawks
 C - 56 sling bullets
 L - a throwing net (quivered)
Armour
 q - a +0 leather armour (worn)
 G - a +0 buckler (worn)
Magical Staves
 u - an uncursed staff of cold
Jewellery
 s - an uncursed amulet of magic regeneration
 E - an amulet of faith (around neck)
Scrolls
 d - 2 scrolls of silence {unknown}
 g - 2 scrolls of fog
 i - 3 scrolls of remove curse {unknown}
 k - a scroll of magic mapping {unknown}
 o - 6 scrolls of enchant armour
 p - a scroll of enchant weapon {unknown}
 y - 3 scrolls of blinking {unknown}
 F - a scroll of amnesia {unknown}
Potions
 f - 2 potions of agility {unknown}
 h - a potion of cancellation {unknown}
 j - 2 potions of degeneration {unknown}
 m - 4 potions of magic
 r - a potion of heal wounds {unknown}
 t - 2 potions of brilliance {unknown}
 A - 2 potions of ambrosia {unknown}
 B - 3 potions of curing
 I - a potion of haste {unknown}
 J - a potion of lignification {unknown}
Comestibles
 v - 12 rations
 K - 12 chunks of flesh


   Skills:
 * Level 3.9 Fighting
 - Level 1.0(1.7) Short Blades
 * Level 2.2(2.3) Long Blades
 - Level 1.0 Slings
 * Level 3.8 Armour
 - Level 3.0 Dodging
 - Level 5.0 Stealth
 * Level 4.6 Shields
 - Level 4.0 Spellcasting
 - Level 4.3 Conjurations
   Level 1.0 Summonings
   Level 0.8 Translocations
 - Level 3.0 Air Magic
 - Level 6.0 Poison Magic


You had 10 spell levels left.
You knew the following spells:

 Your Spells              Type           Power        Failure   Level  Hunger
a - Slow                  Hex            #.......     22%         2    #......
c - Magic Dart            Conj           ###.         2%          1    None
e - Mephitic Cloud        Conj/Pois/Air  ###.....     7%          3    ###....

Your spell library contained the following spells:

 Spells                   Type           Power        Failure   Level  Hunger
 Animate Skeleton         Necr           N/A          14%         1    None
 Pain                     Necr           #...         14%         1    None
 Call Imp                 Summ           #.......     14%         2    #......
 Conjure Flame            Conj/Fire      ##......     19%         3    ###....
 Sublimation of Blood     Necr           #.........   22%         2    #......
 Regeneration             Chrm/Necr      #.........   38%         3    ###....
 Blink                    Tloc           Unusable     N/A         2    N/A

Dungeon Overview and Level Annotations

Branches:
Dungeon (7/15)             Temple (1/1) D:4

Altars:
Ashenzari
Cheibriados
Dithmenos
Fedhas
Gozag
Hepliaklqana
Kikubaaqudgha
Makhleb
Okawaru
Qazlal
Ru
Sif Muna
Trog
Uskayaw
Vehumet
Wu Jian
Xom
Yredelemnul
Zin
The Shining One

Shops:
D:7 =

Annotations:
D:2 Terence
D:3 1 runed translucent door, exclusion: sensed monster (detected), Ijyb; Necrophagist's ghost, amateur HOFi
D:5 exclusion: ice beast


Innate Abilities, Weirdness & Mutations

You cannot be hasted, slowed, berserked, paralysed or teleported.
You can dig through walls and to a lower floor.
Your four strong arms can wield two-handed weapons with a shield.
You have a pair of large antennae on your head. (SInv)


Message History

The wyvern skeleton bites you!
You hit the wyvern skeleton but do no damage.
The wyvern skeleton is severely damaged.
The wyvern skeleton bites you! You block the wyvern skeleton's attack.
Some of the chunks of flesh in your inventory have rotted away.
You barely miss the wyvern skeleton.
The wyvern skeleton is severely damaged.
The wyvern skeleton bites you!
Casting: Magic Dart (safe; 2% risk of failure)
Confirm with . or Enter, or press ? or * to list all spells.
Aiming: Magic Dart (safe; 2% risk of failure)
Press: ? - help, Shift-Dir - straight line, f/p - wyvern skeleton
Aim: a wyvern skeleton (severely damaged)
The magic dart hits the wyvern skeleton.
The wyvern skeleton is almost destroyed.
The wyvern skeleton bites you. The wyvern skeleton bites you!
You die...
Kikubaaqudgha rasps: "You have failed me!
Welcome... death!"

...## #.#.# ## .รท..# #.### #.
#...### ##..## ##### ##.
##....###....######.#.## ##..
##....##....#..#......#######..#
##.................#...[##...##
##.........#......###......##
#...............## ###...##
##...#####..@...# ##..# ....#
####Z..# #..# ...... ...# ##.##
#....... ..## ##..### ##......
..# ##....## ..# #.....<. .>.
#.?###.. ... #..# ##. ...# #.


You could see a wyvern skeleton.

Vanquished Creatures
  Edmund (D:4)
  2 orc warriors (D:7)
  A phantom (D:5)
  2 ice beasts
  A sky beast (D:5)
  2 ogres (D:6)
  A bullfrog (D:6)
  3 killer bees
  A scorpion (D:7)
  2 wights (D:7)
  2 electric eels (D:7)
  3 crimson imps
  2 bullfrog zombies (D:6)
  A quasit (D:7)
  6 hounds
  An orc priest (D:7)
  A bullfrog skeleton (D:7)
  An iguana (D:7)
  3 orc wizards
  3 worker ants
  A killer bee zombie (D:7)
  5 gnolls
  5 adders
  An ooze (D:2)
  2 adder skeletons
  3 worms
  4 dart slugs
  2 leopard geckos
  24 orcs
  10 bats
  2 giant cockroaches
  9 goblins
  6 hobgoblins
  4 jackals
  5 kobolds
  A quokka (D:4)
  A ball python (D:4)
  2 frilled lizards
  A leopard gecko skeleton (D:5)
  9 rats
136 creatures vanquished.

Vanquished Creatures (others)
  A rat (D:2)
1 creature vanquished.

Grand Total: 137 creatures vanquished

Notes
Turn   | Place    | Note
-------+----------+-------------------------------------------
     0 | D:1      | DildoBatman the Formicid Wizard began the quest for the
                  | Orb.
     0 | D:1      | Reached XP level 1. HP: 13/13 MP: 4/4
    74 | D:1      | Reached skill level 1 in Conjurations
   302 | D:1      | Reached XP level 2. HP: 19/19 MP: 0/6
   625 | D:1      | Reached XP level 3. HP: 24/24 MP: 3/7
   629 | D:1      | Learned a level 2 spell: Slow
   633 | D:1      | Learned a level 3 spell: Mephitic Cloud
  1103 | D:2      | Found a radiant altar of Vehumet.
  1432 | D:2      | Reached XP level 4. HP: 21/30 MP: 1/8
  1621 | D:2      | Found a shimmering altar of Xom.
  1623 | D:2      | Found a shimmering altar of Xom.
  1624 | D:2      | Found a shimmering altar of Xom.
  1626 | D:2      | Found a shimmering altar of Xom.
  1626 | D:2      | Found a shimmering altar of Xom.
  1626 | D:2      | Found a shimmering altar of Xom.
  1788 | D:2      | Noticed Terence
  1835 | D:3      | Found a runed translucent door.
  1835 | D:3      | Noticed Necrophagist's ghost (amateur HOFi)
  2064 | D:2      | Reached XP level 5. HP: 24/35 MP: 2/9
  2271 | D:2      | Reached skill level 1 in Poison Magic
  2374 | D:3      | Noticed Ijyb
  2385 | D:3      | Reached skill level 1 in Air Magic
  2568 | D:4      | Reached skill level 2 in Poison Magic
  2568 | D:4      | Reached XP level 6. HP: 29/41 MP: 4/10
  2664 | D:4      | Noticed Edmund
  2817 | D:4      | Found a staircase to the Ecumenical Temple.
  2827 | Temple   | Entered the Ecumenical Temple
  2953 | D:4      | Found an ornate altar of the Wu Jian Council.
  2955 | D:4      | Found a blossoming altar of Fedhas.
  2956 | D:4      | Found an ancient bone altar of Kikubaaqudgha.
  2958 | D:4      | Found a snail-covered altar of Cheibriados.
  2963 | D:4      | Became a worshipper of Kikubaaqudgha
  3074 | D:4      | Found a bloodstained altar of Trog.
  3283 | D:4      | Killed Edmund
  3283 | D:4      | Reached skill level 1 in Fighting
  3283 | D:4      | Reached skill level 1 in Armour
  3283 | D:4      | Reached skill level 3 in Poison Magic
  3283 | D:4      | Reached XP level 7. HP: 44/48 MP: 7/11
  3384 | D:4      | Reached skill level 1 in Slings
  3429 | D:4      | Found a shattered altar of Ashenzari.
  3444 | D:4      | Reached skill level 1 in Short Blades
  3646 | D:4      | Found a basalt altar of Yredelemnul.
  3872 | D:5      | Entered Level 5 of the Dungeon
  4220 | D:5      | Reached skill level 4 in Poison Magic
  4220 | D:5      | Reached XP level 8. HP: 56/56 MP: 1/12
  4343 | D:5      | Found a shimmering altar of Xom.
  4386 | D:5      | Found a burning altar of Makhleb.
  4592 | D:5      | Found a hazy altar of Hepliaklqana.
  4786 | D:6      | Reached * piety under Kikubaaqudgha
  4786 | D:6      | Identified Kikubaaqudgha's Handbook of Sinister Arts
                  | (Kikubaaqudgha gifted it to you on level 6 of the Dungeon)
  4786 | D:6      | Received a gift from Kikubaaqudgha
  4856 | D:6      | Reached skill level 1 in Shields
  4879 | D:6      | Reached skill level 5 in Stealth
  4984 | D:5      | Reached skill level 5 in Poison Magic
  5137 | D:6      | Reached skill level 6 in Poison Magic
  5501 | D:7      | Reached XP level 9. HP: 62/62 MP: 8/14
  5994 | D:7      | Reached skill level 1 in Long Blades
  6086 | D:7      | Found Desianat's Jewellery Boutique.
  6427 | D:7      | Reached ** piety under Kikubaaqudgha
  6652 | D:7      | Slain by a wyvern skeleton

Skill      XL: |  1  2  3  4  5  6  7  8  9 |
---------------+----------------------------+-----
Conjurations   | 1 2 3 4 |  4.3
Poison Magic   | 2 3 4 6 |  6.0
Air Magic      | 1 2 3 |  3.0
Stealth        | 3 4 5 |  5.0
Fighting       | 1 2 3 |  3.9
Armour         | 1 2 3 |  3.8
Dodging        | 2 3 |  3.0
Slings         | 1 |  1.0
Short Blades   | 1 |  1.0
Shields        | 3 4 |  4.6
Long Blades    | 2 |  2.2
Spellcasting   | 4 |  4.0
Summonings     | |  1.0
Translocations | |  0.8

Action                   |  1- 3 |  4- 6 |  7- 9 || total
-------------------------+-------+-------+-------++-------
Melee: Unarmed           |    22 |       |       ||    22
       Short sword       |     9 |    28 |    39 ||    76
       Hunting sling     |       |     1 |       ||     1
       Dagger            |       |     9 |     8 ||    17
       Scimitar          |       |       |    52 ||    52
 Fire: Hunting sling     |       |    50 |    90 ||   140
Throw: Javelin           |       |       |     6 ||     6
       Throwing net      |       |       |     1 ||     1
 Cast: Magic Dart        |    78 |   112 |   159 ||   349
       Mephitic Cloud    |     1 |    18 |    26 ||    45
       Slow              |       |       |     3 ||     3
 Abil: Dig               |       |     1 |    14 ||    15
  Use: Scroll            |       |       |     6 ||     6
 Stab: Confused          |     1 |     2 |     6 ||     9
  Eat: Chunk             |     2 |     6 |    12 ||    20
       Ration            |       |       |     1 ||     1
Armor: Robe              |    13 |       |       ||    13
       Leather armour    |       |    17 |    19 ||    36
Dodge: Dodged            |    29 |    52 |    87 ||   168
Block: Buckler           |       |       |    18 ||    18
       Rpst.: Scimitar   |       |       |    14 ||    14
